 Dungeon Crawl Stone Soup version 0.30.0 (webtiles) character file.

Game seed: 7008792402557666735

4885 Kiuby666 the Grappler (level 10, -1/92 HPs)
             Began as a Troll Fighter on Oct 8, 2023.
             Was an Initiate of Yredelemnul.
             Succumbed to a water moccasin's poison
             ... on level 9 of the Dungeon.
             The game lasted 00:57:37 (5933 turns).

Kiuby666 the Grappler (Troll Fighter)               Turns: 5933, Time: 00:57:37

Health: -1/92      AC: 11    Str: 31    XL:     10   Next: 26%
Magic:  9/9        EV: 11    Int:  7    God:    Yredelemnul [......]
Gold:   517        SH: 10    Dex: 13    Spells: 9/9 levels left

rFire   . .          .
                       - Unarmed
rCold   . . .        b - +0 kite shield
rNeg    . . .        G - +4 robe "Leolifol" {Str+5}
rPois   .            (helmet restricted)
rElec   .            d - +2 cloak
rCorr   .            (gloves unavailable)
SInv    .            (boots unavailable)
Will    .....        N - amulet of Fedhas, Healing {Regen+ Int+3 Stlth+}
Stlth   +++          (no ring)
HPRegen 1.95/turn    (no ring)
MPRegen 0.11/turn

%: no passive effects
@: lethally poisoned (-1 -> -11)
A: large, unfitting armour, claws 3, regeneration 1, shaggy fur 1, tough skin 1
a: Renounce Religion, Recall Undead Harvest


You were on level 9 of the Dungeon.
You worshipped Yredelemnul.
Yredelemnul was noncommittal.
You visited 2 branches of the dungeon, and saw 10 of its levels.

You collected 517 gold pieces.

Inventory:

Hand Weapons
 H - a +1 morningstar of flaming
Missiles
 e - 42 stones
 g - 7 poisoned darts (quivered)
Armour
 a - a +0 robe
 b - a +0 kite shield (worn)
 d - a +2 cloak (worn)
 l - the +7 Kryia's mail coat {PotionHeal*2 rC+}
   (You found it on level 2 of the Dungeon)

   PotionHeal*2: Potions heal its wearer twice as much.
   rC:        It protects you from cold.
 C - the +0 scale mail "Quwebah" {Dex+2}
   (You found it on level 5 of the Dungeon)

   Dex:       It affects your dexterity (+2).
 E - a +0 pair of gloves
 G - the +4 robe "Leolifol" (worn) {Str+5}
   (You found it on level 7 of the Dungeon)

   Str:       It affects your strength (+5).
 I - +0 steam dragon scales
 J - a scarf of invisibility
Magical Staves
 O - a staff of earth
Jewellery
 r - an amulet of faith
 z - an amulet of the acrobat
 L - a ring of positive energy
 N - the amulet of Fedhas, Healing (around neck) {Regen+ Int+3 Stlth+}
   (You found it on level 8 of the Dungeon)

   [amulet of regeneration]

   Int:       It affects your intelligence (+3).
   Regen:     It increases your rate of health regeneration.
   Stlth:     It makes you more stealthy.
Wands
 A - a wand of charming (4)
 K - a wand of iceblast (14)
Scrolls
 f - 2 scrolls of fog {unknown}
 i - 6 scrolls of teleportation {unknown}
 j - a scroll of silence {unknown}
 n - 2 scrolls of vulnerability {unknown}
 p - 9 scrolls of identify {unknown}
 q - 2 scrolls of poison {unknown}
 s - a scroll of magic mapping {unknown}
 u - a scroll of amnesia {unknown}
 v - 2 scrolls of immolation {unknown}
 x - 2 scrolls of noise {unknown}
 y - 2 scrolls of fear {unknown}
 B - a scroll of enchant weapon {unknown}
Potions
 c - a potion of mutation {unknown}
 h - 2 potions of heal wounds {unknown}
 k - 2 potions of cancellation {unknown}
 m - 6 potions of curing {unknown}
 o - a potion of haste {unknown}
 t - 3 potions of might
 w - 5 potions of lignification {unknown}
 D - a potion of resistance {unknown}
 F - 3 potions of magic {unknown}
 M - 2 potions of degeneration {unknown}


   Skills:
 + Level 4.0 Fighting
 + Level 5.8 Dodging
 + Level 3.1 Stealth
 + Level 6.7 Shields
 + Level 10.4 Unarmed Combat


You had 9 spell levels left.
You didn't know any spells.
Your spell library contained the following spells:

 Spells                   Type           Power      Damage    Failure   Level
 Magic Dart               Conj           0%         1d3       61%         1
 Shock                    Conj/Air       0%         1d3       61%         1
 Blink                    Tloc           0%         N/A       75%         2
 Lesser Beckoning         Tloc           0%         N/A       75%         2
 Momentum Strike          Conj/Tloc      0%         3d8       75%         2
 Searing Ray              Conj           0%         2d4       75%         2
 Swiftness                Air            0%         N/A       93%         3
 Airstrike                Air            0%         2d(0-16)  100%        4
 Fulminant Prism          Conj/Hex       0%         3d5       100%        4
 Manifold Assault         Tloc           0%         N/A       100%        4
 Summon Ice Beast         Ice/Summ       0%         N/A       100%        4
 Summon Mana Viper        Hex/Summ       0%         N/A       100%        5
 Dispersal                Tloc           0%         N/A       100%        6
 Monstrous Menagerie      Summ           0%         N/A       100%        7
 Storm Form               Tmut/Air       0%         N/A       100%        7
 Disjunction              Tloc           0%         N/A       100%        8


Dungeon Overview and Level Annotations

Branches:
Dungeon (9/15)             Temple (1/1) D:4             Orc (0/2) D:9
   Lair: D:8-11

Altars:
Ashenzari
Dithmenos
Elyvilon
Fedhas
Gozag
Hepliaklqana
Kikubaaqudgha
Makhleb
Nemelex Xobeh
Okawaru
Qazlal
Ru
Sif Muna
Uskayaw
Vehumet
Wu Jian
Xom
Yredelemnul
The Shining One

Shops:
D:1 (   D:6 [   D:8 :


Innate Abilities, Weirdness & Mutations

You are too large for most types of armour.
You have claws for hands.
Your natural rate of healing is unusually fast.
You are covered in fur. (AC +1)
You have tough skin. (AC +1)


Message History

* * * LOW HITPOINT WARNING * * *
You block the orc's attack. The water moccasin closely misses you.
The orc hits you but does no damage.
The orc priest calls upon Beogh to heal the orc.
The orc's wounds heal themselves!
You claw something!
You feel sick. The water moccasin misses you.
You scratch something but do no damage.
You feel sick. You block the orc priest's attack.
Something hits you but does no damage. You block the orc's attack.
The orc closely misses you. The water moccasin barely misses you.
You miss something.
You feel sick. The water moccasin bites you!
* * * LOW HITPOINT WARNING * * *
You are more poisoned.
The water moccasin poisons you!
The orc priest hits you but does no damage.
Something hits you but does no damage. The orc barely misses you.
You block the orc's attack.
You closely miss something.
You feel very sick. The water moccasin bites you.
* * * LOW HITPOINT WARNING * * *
You are lethally poisoned!
The water moccasin poisons you!
The orc priest hits you but does no damage.
Something hits you but does no damage. You block the orc's attack. x2
The water moccasin bites you.
* * * LOW HITPOINT WARNING * * *
You scratch something.
Reactivating autopickup.
You feel a bit more experienced.
* * * LOW HITPOINT WARNING * * *
You feel very sick.
The orc priest hits you with a +0 short sword.
* * * LOW HITPOINT WARNING * * *
You block the orc's attack. The orc hits you but does no damage.
You block the water moccasin's attack. The orc attacks as you move away!
The orc hits you but does no damage.
An orc and an orc warrior come into view.
You die...
Your body rises from the dead as a mindless zombie.

'## .≈# #.. #≈≈ .>.
#........ ..# #.|...#.#
#'####...# #.#
.#####..o##..# #.#
.....oo8ooc..###.# #
#S)o###.##.<####..
#.#######@###..##)....(...
..o.o....)................
..$.#######...#...........
. #.###.#..~~~~~~~
......[#..≈#####~
.....####...~# ###...
...~.g #... ....~#.g #...
....~####


You could see an orc warrior (wandering), a water moccasin, a centaur, an orc
priest and 6 orcs.

Vanquished Creatures
  Pikel (D:7)
  Joseph (D:7)
  A gargoyle (D:8)
  Maggie (D:7)
  A troll (D:8)
  A wyvern (D:7)
  A water moccasin (D:5)
  Duvessa (D:7)
  5 sky beasts
  2 centaurs
  2 kobold brigands
  3 phantoms
  3 bullfrogs
  A gnoll sergeant (D:8)
  2 scorpions
  6 wights
  A howler monkey (D:8)
  3 hounds
  3 orc priests
  A sleepcap (D:5)
  Terence (D:2)
  Natasha (thrice) (D:2)
  2 iguanas
  8 orc wizards
  A scorpion zombie (D:5)
  Ijyb (D:5)
  3 gnolls (D:8)
  9 adders
  A gnoll zombie (D:8)
  A white imp (D:8)
  3 worms
  4 dart slugs
  34 orcs
  7 endoplasms
  2 giant cockroaches
  7 goblins
  6 hobgoblins
  4 jackals (D:1)
  5 quokkas
  6 ball pythons
  4 bats
  5 frilled lizards
  4 kobolds (D:8)
  5 rats
  A bush (D:4)
167 creatures vanquished.

Vanquished Creatures (collateral kills)
  A sky beast (D:7)
  A phantom (D:4)
  A kobold brigand (D:8)
  Dowan (D:7)
  A bullfrog zombie (D:8)
  A jelly (D:5)
  An iguana (D:5)
  3 orc wizards (D:7)
  A gnoll (D:8)
  An adder zombie (D:5)
  6 orcs
  2 jackals (D:5)
  A kobold (D:8)
  A kobold zombie (D:8)
22 creatures vanquished.

Vanquished Creatures (others)
  An orc priest (D:9)
  An adder zombie (D:5)
  An iguana zombie (D:5)
  A gnoll zombie (D:8)
  A goblin zombie (D:4)
  2 kobold zombies (D:8)
  15 orc zombies
22 creatures vanquished.

Grand Total: 211 creatures vanquished

Notes
Turn   | Place    | Note
-------+----------+-------------------------------------------
     0 | D:1      | Kiuby666 the Troll Fighter began the quest for the Orb.
     0 | D:1      | Reached XP level 1. HP: 22/22 MP: 0/0
   209 | D:1      | Reached XP level 2. HP: 26/29 MP: 1/1
   513 | D:1      | Found Qocred's Weapon Shoppe.
   676 | D:1      | Reached XP level 3. HP: 36/36 MP: 2/2
   961 | D:2      | Found the +7 Kryia's mail coat {PotionHeal*2 rC+}
  1067 | D:2      | Noticed Natasha
  1084 | D:2      | Killed Natasha
  1091 | D:2      | Noticed Natasha
  1098 | D:2      | Killed Natasha
  1099 | D:2      | Reached XP level 4. HP: 30/44 MP: 3/3
  1106 | D:2      | Noticed Natasha
  1114 | D:2      | Killed Natasha
  1115 | D:2      | Reached skill level 3 in Unarmed Combat
  1424 | D:2      | Noticed Terence
  1432 | D:2      | Killed Terence
  1433 | D:2      | Reached XP level 5. HP: 52/52 MP: 4/4
  1838 | D:3      | Found a faded altar of an unknown god.
  1858 | D:3      | Prayed at the altar of an unknown god.
  1858 | D:3      | Became a worshipper of Yredelemnul the Dark
  1858 | D:3      | Reached * piety under Yredelemnul
  2199 | D:4      | Reached skill level 4 in Unarmed Combat
  2205 | D:4      | Reached XP level 6. HP: 34/59 MP: 5/5
  2240 | D:4      | Found a staircase to the Ecumenical Temple.
  2338 | D:4      | Reached ** piety under Yredelemnul
  2376 | D:4      | Reached skill level 5 in Unarmed Combat
  2422 | D:4      | Reached XP level 7. HP: 65/66 MP: 6/6
  2502 | Temple   | Entered the Ecumenical Temple
  2899 | D:5      | Entered Level 5 of the Dungeon
  2906 | D:5      | Reached skill level 1 in Stealth
  3023 | D:5      | Noticed Ijyb
  3034 | D:5      | Killed Ijyb
  3153 | D:5      | Reached skill level 6 in Unarmed Combat
  3182 | D:5      | Found a sparkling altar of Nemelex Xobeh.
  3258 | D:5      | Identified the +0 scale mail "Quwebah" {Dex+2}
  3376 | D:6      | Reached skill level 5 in Shields
  3376 | D:6      | Reached XP level 8. HP: 75/75 MP: 7/7
  3676 | D:6      | Found Jennibb's Antique Armour Emporium.
  3806 | D:6      | Reached skill level 7 in Unarmed Combat
  3985 | D:7      | Identified the +4 robe "Leolifol" {Str+5}
  4015 | D:7      | Noticed Maggie
  4024 | D:7      | Killed Maggie
  4201 | D:7      | Noticed Pikel
  4216 | D:7      | Killed Pikel
  4217 | D:7      | Reached skill level 8 in Unarmed Combat
  4217 | D:7      | Reached XP level 9. HP: 74/83 MP: 8/8
  4419 | D:7      | Reached skill level 5 in Dodging
  4493 | D:7      | Reached *** piety under Yredelemnul
  4494 | D:7      | Reached skill level 9 in Unarmed Combat
  4505 | D:7      | Reached **** piety under Yredelemnul
  4526 | D:7      | Noticed Duvessa
  4526 | D:7      | Noticed Dowan
  4531 | D:7      | Killed Dowan
  4537 | D:7      | Killed Duvessa
  4541 | D:7      | Reached ***** piety under Yredelemnul
  4567 | D:7      | Noticed Joseph
  4579 | D:7      | Killed Joseph
  4953 | D:8      | Noticed a gargoyle
  4972 | D:8      | Killed a gargoyle
  4973 | D:8      | Reached XP level 10. HP: 73/92 MP: 9/9
  4976 | D:8      | Reached skill level 10 in Unarmed Combat
  5005 | D:8      | Identified the amulet of Fedhas, Healing {Regen+ Int+3
                  | Stlth+}
  5120 | D:8      | Found Muefeklet's Book Shoppe.
  5865 | D:9      | Found a staircase to the Orcish Mines.
  5932 | D:9      | HP: 3/92 [orc priest/+0 short sword (2)]
  5933 | D:9      | Succumbed to a water moccasin's poison

Illustrated notes

Levels and vault maps discovered:
D:1:      lightli_arrival_boilingwater, layout_loops_corners, serial_shops,
          nicolae_shop_tiny_glass
D:2:      layout_rooms, hangedman_decor_lopped, nicolae_eternal_life,
          uniq_natasha, uniq_terence
D:3:      layout_loops_ring, ebering_ecumenical_altar_mist, hex_large
D:4:      layout_cave_pools, minmay_temple_entry_overgrown, grunt_ministairs_1
D:5:      layout_rooms, mainiacjoe_overflow_two_lobes, uniq_ijyb
D:6:      nicolae_cairo_tiling, layout_layer_cave, marbit_many_paths,
          kennysheep_mini, serial_shops, shop
D:7:      layout_basic, minmay_a_box_with_orc_wizards_in_it, uniq_joseph,
          uniq_pikel, uniq_maggie, uniq_duvessa
D:8:      layout_basic, serial_shops, shop, minmay_chambers_of_fives
D:9:      layout_rooms, hiddenorc2_lemuel, serial_curves, eino_curves_04,
          eino_curves_02, special_room [special_room_orc], serial_shops,
          nicolae_shop_statue_plus, enter_bailey_3, lightli_minifort
Temple:   dpeg_five_rooms_temple

Skill      XL: |  1  2  3  4  5  6  7  8  9 10 |
---------------+-------------------------------+-----
Shields        | 3 4 5 6 |  6.7
Dodging        | 3 4 5 |  5.8
Unarmed Combat | 3 4 5 6 8 9 10 | 10.4
Stealth        | 1 2 3 |  3.1
Fighting       | 3 4 |  4.0

Action                     |  1- 3 |  4- 6 |  7- 9 | 10-12 || total
---------------------------+-------+-------+-------+-------++-------
  Melee: Unarmed           |    85 |   134 |   205 |   123 ||   547
    Use: Potion            |       |     1 |       |       ||     1
   Stab: Sleeping          |     1 |     2 |     3 |       ||     6
         Distracted        |       |     1 |     2 |       ||     3
 Armour: Robe              |    34 |    56 |    47 |    87 ||   224
  Dodge: Dodged            |    22 |    52 |    29 |   101 ||   204
  Block: Kite shield       |    33 |    62 |    64 |    93 ||   252
